 Dungeon Crawl Stone Soup version 0.29-a0-275-g389c0b56f3 (webtiles) character file.

Game seed: 13739882330439220820

21 Ijustatesigmund the Skirmisher (level 2, -4/27 HPs)
             Began as a Minotaur Fighter on Mar 11, 2022.
             Slain by a gnoll
             ... wielding a +0 flail
              (7 damage)
             ... on level 2 of the Dungeon.
             The game lasted 00:01:08 (1009 turns).

Ijustatesigmund the Skirmisher (Minotaur Fighter)   Turns: 1009, Time: 00:01:09

Health: -4/27      AC:  6    Str: 20    XL:     2   Next: 62%
Magic:  1/1        EV:  9    Int:  5    God:
Gold:   77         SH:  4    Dex:  9    Spells: 1/1 levels left

rFire   . . .      SeeInvis .   a - +0 war axe
rCold   . . .      Faith    .   c - +0 buckler
rNeg    . . .      Spirit   .   b - +0 scale mail
rPois   .          Reflect  .   (helmet restricted)
rElec   .          Harm     .   (no cloak)
rCorr   .          Rampage  .   (no gloves)
Will    .....                   (no boots)
Stlth   ..........              (no amulet)
HPRegen 0.09/turn               (no ring)
MPRegen 0.07/turn               (no ring)

@: about to teleport
A: horns 2, retaliatory headbutt
a: no special abilities


You were on level 2 of the Dungeon.
You visited 1 branch of the dungeon, and saw 2 of its levels.

You collected 77 gold pieces.

Inventory:

Hand Weapons
 a - a +0 war axe (weapon)
Armour
 b - a +0 scale mail (worn)
 c - a +0 buckler (worn)
Scrolls
 g - a scroll of enchant armour {unknown}
 h - a scroll of fear {unknown}
 i - a scroll of identify {unknown}
Potions
 d - a potion of might
 e - a potion of brilliance {unknown}


   Skills:
 + Level 4.0 Fighting
 * Level 3.5 Axes
 - Level 3.6 Armour
 - Level 3.6 Shields


You had one spell level left.
You didn't know any spells.
Your spell library was empty.

Dungeon Overview and Level Annotations

Branches:
Dungeon (2/15)

Altars:

Shops:
D:1 [


Innate Abilities, Weirdness & Mutations

You have a pair of horns on your head.
You reflexively headbutt those who attack you in melee.


Message History

An endoplasm comes into view.
A gnoll comes into view. It is wielding a +0 club.
The gnoll moves out of view.
You closely miss the adder.
The endoplasm quivers.
Your headbutt misses the adder. The adder bites you.
You miss the adder. The adder bites you.
You are poisoned.
The adder poisons you!
A hobgoblin comes into view.
The adder bites you but does no damage.
The hobgoblin shouts!
You slash the adder!
The adder is almost dead.
You feel sick. The adder bites you.
A bat comes into view.
The adder barely misses you. The gnoll hits you but does no damage.
You barely miss the adder. Your headbutt misses the adder.
The adder is almost dead.
You barely miss the gnoll.
You feel sick. The adder bites you but does no damage.
The gnoll hits you with a +0 flail. The gnoll barely misses you.
The adder bites you but does no damage.
There are monsters nearby!
Okay, then.
The adder attacks as you move away! You block the adder's attack.
The gnoll attacks as you move away! The gnoll hits you with a +0 flail!
* * * LOW HITPOINT WARNING * * *
You feel sick.
You feel sick.
The gnoll shouts!
The adder attacks as you move away! You block the adder's attack.
You feel sick.
You are no longer poisoned.
As you read the scroll labelled ULOUMINUIL, it crumbles to dust.
You feel strangely unstable.
It was a scroll of teleportation.
The gnoll closely misses you. The adder barely misses you.
The endoplasm attacks as you move away!
The endoplasm hits you but does no damage.
The gnoll attacks as you move away! The gnoll hits you with a +0 flail!
You die...

### .$ #.! ...#
#.# .....#####.#
......†g##S#######
...##bgJ@?......
......g..g.#######
........gS.......#
.##.############.#
.. #.# ## #.# #.#
#.# #.#


You could see 3 gnolls, 2 adders, an endoplasm, a hobgoblin, a goblin and a bat.

Vanquished Creatures
  An endoplasm (D:1)
  A giant cockroach (D:2)
  2 goblins
  3 hobgoblins (D:1)
  A kobold (D:1)
  A quokka (D:1)
  A ball python (D:1)
  2 bats (D:1)
  8 frilled lizards (D:1)
  A rat (D:2)
21 creatures vanquished.

Vanquished Creatures (others)
  4 plants (D:1)
4 creatures vanquished.

Grand Total: 25 creatures vanquished

Notes
Turn   | Place    | Note
-------+----------+-------------------------------------------
     0 | D:1      | Ijustatesigmund the Minotaur Fighter began the quest for
                  | the Orb.
     0 | D:1      | Reached XP level 1. HP: 19/19 MP: 0/0
    22 | D:1      | Found Mimauz's Armour Boutique.
   282 | D:1      | Reached XP level 2. HP: 17/27 MP: 1/1
   780 | D:1      | Reached skill level 4 in Fighting
  1009 | D:2      | Slain by a gnoll

Illustrated notes

Levels and vault maps discovered:
D:1:      dpeg_arrival_arbitrary_b, layout_rooms, serial_shops,
          nicolae_shop_window_shopping, minmay_lizard_king
D:2:      layout_loops_ring, dreamdust_ecumenical_altar_angels_and_demons

Skill      XL: |  1  2 |
---------------+-------+-----
Axes           | 3 |  3.5
Fighting       | 4 |  4.0
Armour         | |  3.6
Shields        | |  3.6

Action                   || total
-------------------------++-------
Melee: War axe           ||    42
       Headbutt          ||     1
  Use: Scroll            ||     1
Armor: Scale mail        ||    23
Dodge: Dodged            ||    26
Block: Buckler           ||    11

Table legend: (Time is in decaauts)
 A = Elapsed time spent in this place.
 B = Non-inter-level travel time spent in this place.
 C = Inter-level travel time spent in this place.
 D = Time resting spent in this place.
 E = Time spent auto-exploring this place.
 F = Levels seen in this place.
 G = Mean time per level.
                   A        B        C        D        E       F      G
               +--------+--------+--------+--------+--------+-----+--------+
         Total |   1025 |   1019 |      6 |    401 |    507 |   2 |  512.5 |
       Dungeon |   1025 |   1019 |      6 |    401 |    507 |   2 |  512.5 |
               +--------+--------+--------+--------+--------+-----+--------+

Top non-repeatable levels by time:
     D:1: 952 daAuts
     D:2: 73 daAuts
